 Dungeon Crawl Stone Soup version 0.25-a0-661-g55ea3d2 (webtiles) character file.

Game seed: 8597353298489394553, levelgen mode: deterministic

781 Dorkslayer the Skirmisher (level 7, -5/44 HPs)
             Began as a Gargoyle Fighter on Mar 23, 2020.
             Engulfed by a cloud of flame (21 damage)
             ... on level 5 of the Dungeon.
             The game lasted 00:15:38 (2844 turns).

Dorkslayer the Skirmisher (Gargoyle Fighter)        Turns: 2844, Time: 00:15:39

Health: -5/44      AC: 18    Str: 20    XL:     7   Next: 85%
Magic:  7/7        EV:  6    Int:  9    God:
Gold:   41         SH:  9    Dex: 10    Spells: 6/6 levels left

rFire    . . .     SeeInvis .   a - +0 war axe
rCold    . . .     Gourm    .   c - +0 kite shield
rNeg     + . .     Faith    .   o - +0 chain mail
rPois    ∞         Spirit   .   h - +0 helmet
rElec    +         Reflect  .   (no cloak)
rCorr    .         Harm     .   r - +0 pair of gloves
MR       .....                  u - +0 pair of boots
Stlth    ..........             (no amulet)
HPRegen  0.14/turn              (no ring)
MPRegen  0.10/turn              (no ring)

@: no status effects
A: negative energy resistance 1, electricity resistance, unbreathing,
petrification resistance, rot immunity, AC +4
a: no special abilities


You were on level 5 of the Dungeon.
You were not hungry.

You visited 1 branch of the dungeon, and saw 5 of its levels.

You collected 249 gold pieces.
You spent 208 gold pieces at shops.

Inventory:

Hand Weapons
 a - a +0 war axe (weapon)
Armour
 c - a +0 kite shield (worn)
 h - a +0 helmet (worn)
 o - a +0 chain mail (worn)
 r - a +0 pair of gloves (worn)
 u - a +0 pair of boots (worn)
Scrolls
 b - a scroll of fog
 d - 2 scrolls of immolation
 j - a scroll of teleportation
 k - 2 scrolls of magic mapping {unknown}
 l - a scroll of enchant weapon {unknown}
 m - 4 scrolls of remove curse
 p - a scroll of blinking {unknown}
 q - 5 scrolls of identify
 v - a scroll of amnesia {unknown}
Potions
 e - 3 potions of degeneration
 i - a potion of mutation
 n - a potion of flight
Comestibles
 f - 6 rations
 g - 16 chunks of flesh


   Skills:
 * Level 5.1 Fighting
 + Level 4.7 Axes
 + Level 0.5 Throwing
 * Level 4.9 Armour
 * Level 2.5 Dodging
 + Level 4.4 Shields
   Level 1.1 Evocations


You had 6 spell levels left.
You didn't know any spells.
Your spell library was empty.

Dungeon Overview and Level Annotations

Branches:
Dungeon (5/15)
 Temple: D:4-7

Altars:
Ashenzari
Elyvilon
Fedhas
Sif Muna

Shops:
D:5 ?


Innate Abilities, Weirdness & Mutations

You are resistant to torment.
Your stone body is resilient. (AC +4)
You are immune to poison.
You resist negative energy. (rN+)
You are resistant to electric shocks. (rElec)
You can survive without breathing.
You are immune to petrification.
You are immune to rotting.


Message History

You block the ogre's attack.
Your shield and chain mail prevent you from hitting the ogre.
The ogre is moderately wounded.
You block the ogre's attack.
You slash the ogre!
The ogre is severely wounded.
You block the ogre's attack. x2
You slash the ogre!
You kill the ogre!
Your Fighting skill increases to level 5!
You block the frilled lizard's attack.
You barely miss the frilled lizard.
The frilled lizard bites you but does no damage.
You hit the frilled lizard.
The frilled lizard explodes!
The fiery explosion engulfs you!
The fiery explosion engulfs the orc priest!!
You kill the orc priest!
You are engulfed in blazing flames.
You die...

# # ### # ####[. #.# # ##.###
#....### #... #
.....##......# #O#..#######
#...........@###))oog.).<..÷.
#..###......§§§o5#.#.....))÷.
#.. #......§#####..##....÷÷.
#.###.......# # ########
#.###......∩....# #
#.......######### ##
#######.# #. #.# #. #.# #.


You could see a crimson imp and an orc.

Vanquished Creatures
  An ogre (D:5)
  A centaur (D:5)
  A scorpion (D:4)
  A crimson imp (D:5)
  6 orc priests
  An orc wizard (D:4)
  A centaur skeleton (D:4)
  Jessica (D:2)
  Terence (D:2)
  2 worker ants
  Robin (D:2)
  5 adders
  2 gnolls
  A shadow imp (D:5)
  An adder skeleton (D:4)
  A worm (D:3)
  A dart slug (D:3)
  3 leopard geckos (D:4)
  16 orcs
  5 giant cockroaches
  17 goblins
  9 hobgoblins
  3 jackals (D:5)
  2 quokkas (D:4)
  A ball python (D:4)
  6 bats
  8 frilled lizards
  2 jackal skeletons (D:4)
  5 kobolds
  7 rats
112 creatures vanquished.

Notes
Turn   | Place    | Note
-------+----------+-------------------------------------------
     0 | D:1      | Dorkslayer the Gargoyle Fighter began the quest for the
                  | Orb.
     0 | D:1      | Reached XP level 1. HP: 14/14 MP: 1/1
    48 | D:1      | Reached XP level 2. HP: 17/19 MP: 2/2
   720 | D:2      | Found a shimmering blue altar of Sif Muna.
   871 | D:2      | Reached XP level 3. HP: 24/24 MP: 3/3
   957 | D:2      | Noticed Terence
   978 | D:2      | Killed Terence
   988 | D:2      | Found a white marble altar of Elyvilon.
   989 | D:2      | Noticed Robin
   996 | D:2      | Reached XP level 4. HP: 26/29 MP: 4/4
   998 | D:2      | Reached skill level 1 in Dodging
  1016 | D:2      | Killed Robin
  1092 | D:2      | Found a blossoming altar of Fedhas.
  1097 | D:2      | Noticed Jessica
  1106 | D:2      | Killed Jessica
  1106 | D:2      | Reached skill level 4 in Fighting
  1181 | D:3      | Found a shattered altar of Ashenzari.
  1246 | D:3      | Reached XP level 5. HP: 31/33 MP: 5/5
  2098 | D:4      | Reached XP level 6. HP: 38/38 MP: 6/6
  2646 | D:4      | Reached XP level 7. HP: 35/44 MP: 7/7
  2733 | D:5      | Entered Level 5 of the Dungeon
  2810 | D:5      | Found Nacsil's Magic Scroll Shoppe.
  2816 | D:5      | Bought a scroll of fog for 22 gold pieces
  2816 | D:5      | Bought a scroll of identify for 22 gold pieces
  2816 | D:5      | Bought a scroll of identify for 22 gold pieces
  2816 | D:5      | Bought 3 scrolls of identify for 66 gold pieces
  2816 | D:5      | Bought a scroll of immolation for 38 gold pieces
  2816 | D:5      | Bought a scroll of immolation for 38 gold pieces
  2827 | D:5      | Reached skill level 1 in Evocations
  2842 | D:5      | Reached skill level 5 in Fighting
  2844 | D:5      | Engulfed by a cloud of flame

Levels and vault maps discovered:
D:1:      scummos_arrival_simple_fountains, layout_loops_ring,
          minmay_misc_feat_chi
D:2:      layout_rooms, elyvilon_altar_3, nicolae_overflow_crystal_walls,
          overflow_temple_1_default, uniq_robin, uniq_terence, uniq_jessica
D:3:      layout_loops_ring, serial_bayou_pond_d, cheibrodos_ashenzari_chains
D:4:      layout_loops_cross, first_ration
D:5:      layout_loops_cross, makhleb_altar_promises_db, kennysheep_mini,
          serial_shops, shop, shop_statue, nicolae_shop_stone, shop

Skill      XL: |  1  2  3  4  5  6  7 |
---------------+----------------------+-----
Axes           | 2 3 4 |  4.7
Armour         | 4 |  4.9
Dodging        | 1 2 |  2.5
Fighting       | 4 5 |  5.1
Shields        | 4 |  4.4
Evocations     | 1 |  1.1
Throwing       | |  0.5

Action                   |  1- 3 |  4- 6 |  7- 9 || total
-------------------------+-------+-------+-------++-------
Melee: War axe           |    83 |   251 |    33 ||   367
Throw: Dart              |       |     3 |    10 ||    13
Evoke: Wand              |       |     7 |     3 ||    10
  Use: Scroll            |     6 |     1 |     3 ||    10
       Potion            |       |     6 |       ||     6
  Eat: Chunk             |       |     6 |     1 ||     7
Armor: Scale mail        |    40 |   128 |       ||   168
       Skin              |       |    14 |     3 ||    17
       Chain mail        |       |       |    25 ||    25
Dodge: Dodged            |    17 |    92 |    15 ||   124
Block: Kite shield       |    46 |   126 |    30 ||   202

Table legend:
 A = Non-vault XP
 B = Vault XP
 C = Vault XP percentage of total XP
 D = Non-vault monster count
 E = Vault monster count
 F = Vault count percentage of total count
                 A         B        C        D         E       F
            +---------+---------+-------+---------+---------+-------
      Total |    1004 |     112 |  10.0 |      97 |      15 |  13.4
            +---------+---------+-------+---------+---------+-------
        D:1 |      27 |       0 |   0.0 |       9 |       0 |   0.0
        D:2 |      19 |     112 |  85.5 |      12 |      15 |  55.6
        D:3 |     154 |       0 |   0.0 |      33 |       0 |   0.0
        D:4 |     364 |       0 |   0.0 |      25 |       0 |   0.0
        D:5 |     440 |       0 |   0.0 |      18 |       0 |   0.0
            +---------+---------+-------+---------+---------+-------
